 Dungeon Crawl Stone Soup version 0.29.1-4-g47bece8355 (webtiles) character file.

Game seed: 8453869104970700269

62174 Anriel the Markself (level 14, -1/74 (76) HPs)
             Began as a Deep Elf Hunter on Dec 6, 2022.
             Was an Initiate of Gozag.
             Hit by a large rock thrown by a cyclops (14 damage)
             ... on level 15 of the Dungeon.
             The game lasted 02:22:04 (17527 turns).

Anriel the Markself (Deep Elf Hunter)              Turns: 17527, Time: 02:22:04

HP:   -1/74 (76)    AC: 18    Str: 12    XL:     14   Next: 63%
MP:   13/32         EV: 24    Int: 20    God:    Gozag
Gold: 471           SH:  0    Dex: 25    Spells: 27/37 levels left

rFire   . . .      SeeInvis +   I - +2 arbalest (flame)
rCold   . . .      Faith    .   (shield currently unavailable)
rNeg    . . .      Spirit   .   M - +3 leather armour {Will+}
rPois   +          Reflect  .   d - +2 hat
rElec   +          Harm     .   K - +2 cloak {rPois}
rCorr   +          Rampage  .   p - +2 pair of gloves of Ufuet {rElec rF- Str+7 Dex+3}
Will    ++...                   N - +2 pair of boots
Stlth   +++++.....              (no amulet)
HPRegen 0.22/turn               A - ring of Finality {rCorr EV+4 Str-3 Int+4 SInv}
MPRegen 0.23/turn               v - ring of protection from fire

@: lightly drained
A: no striking features
a: Renounce Religion, Potion Petition, Call Merchant, Bribe Branch


You were on level 15 of the Dungeon.
You worshipped Gozag.
Gozag was aware of your devotion.
You visited 2 branches of the dungeon, and saw 16 of its levels.
You also visited: Bailey.

You collected 4508 gold pieces.
You spent 2067 gold pieces at shops.
You paid 1970 gold pieces to Gozag.

Inventory:

Hand Weapons
 c - a +2 longbow of flaming
 f - a +2 arbalest
 r - a +2 dagger of venom
 I - a +2 arbalest of flaming (weapon)
Missiles
 l - 2 throwing nets
Armour
 d - a +2 hat (worn)
 m - a +2 pair of gloves of infusion
 p - the +2 pair of gloves of Ufuet (worn) {rElec rF- Str+7 Dex+3}
   (You found it on level 4 of the Dungeon)

   Str:       It affects your strength (+7).
   Dex:       It affects your dexterity (+3).
   rF:        It makes you vulnerable to fire.
   rElec:     It insulates you from electricity.
 K - a +2 cloak of poison resistance (worn)
 M - a +3 leather armour of willpower (worn)
 N - a +2 pair of boots (worn)
 P - the +5 chain mail of Ateob {rPois Will- MP-9 Str+5}
   (You found it on level 14 of the Dungeon)

   Str:       It affects your strength (+5).
   rPois:     It protects you from poison.
   MP:        It affects your magic capacity (-9).
   Will:      It decreases your willpower.
Jewellery
 k - a ring of protection from cold
 v - a ring of protection from fire (right hand)
 w - a ring of positive energy
 A - the ring of Finality (left hand) {rCorr EV+4 Str-3 Int+4 SInv}
   (You found it on level 8 of the Dungeon)

   [ring of evasion]

   EV:        It affects your evasion (+4).
   Str:       It affects your strength (-3).
   Int:       It affects your intelligence (+4).
   SInv:      It lets you see invisible.
   rCorr:     It protects you from acid and corrosion.
 D - a ring of fire
 L - a ring of protection from fire
Wands
 a - a wand of flame (17)
 e - a wand of mindburst (24)
 h - a wand of digging (7)
 G - a wand of iceblast (6)
 O - a wand of paralysis (6)
Scrolls
 b - 3 scrolls of poison
 n - a scroll of enchant armour
 o - 8 scrolls of teleportation
 q - 3 scrolls of fear
 u - a scroll of immolation
 y - a scroll of magic mapping
 z - a scroll of butterflies
 F - 11 scrolls of identify
 H - a scroll of summoning
Potions
 g - 2 potions of mutation
 j - 5 potions of brilliance
 s - 2 potions of ambrosia
 t - 3 potions of lignification
 x - 2 potions of cancellation
 B - a potion of invisibility
 C - 4 potions of might
Miscellaneous
 E - a piece from Xom's chessboard (15/15)
 J - a lightning rod (4/4)
 Q - a tin of tremorstones (2/2)


   Skills:
 - Level 4.4 Fighting
 - Level 18.0 Ranged Weapons
 - Level 4.1 Armour
 - Level 10.0 Dodging
 - Level 10.0 Stealth
 - Level 12.0 Spellcasting
 - Level 8.4 Hexes
 * Level 10.7 Summonings
 * Level 8.4 Translocations
 - Level 4.9 Evocations


You had 27 spell levels left.
You knew the following spells:

 Your Spells              Type           Power      Damage    Failure   Level
a - Portal Projectile     Hex/Tloc       90%        N/A       1%          3
b - Summon Small Mammal   Summ           100%       N/A       1%          1
c - Call Canine Familiar  Summ           53%        N/A       1%          3
d - Tukima's Dance        Hex            45%        N/A       1%          3

Your spell library contained the following spells:

 Spells                   Type           Power      Damage    Failure   Level
 Apportation              Tloc           92%        N/A       1%          1
 Ensorcelled Hibernation  Hex/Ice        56%        N/A       1%          2
 Summon Mana Viper        Hex/Summ       50%        N/A       3%          5
 Necrotise                Necr           48%        1d6       7%          1
 Sting                    Tmut/Pois      48%        1d5       7%          1
 Summon Ice Beast         Ice/Summ       33%        N/A       8%          4
 Passwall                 Tmut/Erth      10%        N/A       11%         2
 Scorch                   Fire           24%        2d6       11%         2
 Leda's Liquefaction      Hex/Erth       14%        N/A       13%         4
 Summon Cactus Giant      Summ           26%        N/A       13%         6
 Swiftness                Air            12%        N/A       22%         3
 Vampiric Draining        Necr           12%        2d6       22%         3
 Flame Wave               Conj/Fire      12%        2d6       56%         4
 Monstrous Menagerie      Summ           26%        N/A       58%         7
 Agony                    Necr           12%        N/A       89%         5
 Blade Hands              Tmut           6%         N/A       89%         5
 Iskenderun's Battlesphe  Conj           12%        2d7       89%         5
 Lightning Bolt           Conj/Air       6%         1d18      89%         5
 Iron Shot                Conj/Erth      6%         9d2       100%        6
 Spellforged Servitor     Conj/Summ      16%        N/A       100%        7
 Lehudib's Crystal Spear  Conj/Erth      6%         10d3      100%        8
 Corpse Rot               Necr/Pois/Air  Unusable   N/A       N/A         4

Dungeon Overview and Level Annotations

Branches:
Dungeon (15/15)            Temple (1/1) D:6            Lair (0/5) D:11
    Orc (0/2) D:12         Vaults (0/5) D:14         Bailey (visited)
 Depths: D:15

Altars:
Ashenzari
Cheibriados
Dithmenos
Elyvilon
Fedhas
Gozag
Hepliaklqana
Kikubaaqudgha
Makhleb
Nemelex Xobeh
Okawaru
Qazlal
Ru
Sif Muna
Trog
Vehumet
Wu Jian
Xom
Yredelemnul
Zin
The Shining One

Shops:
D:8 ?   D:9 (   D:10 ?   D:12 [   D:13 [   D:14 ?

Annotations:
D:5 2 runed translucent doors


Message History

The juggernaut skeleton is distracted by your dazzling golden aura.
Your warg bites the skeletal warrior!
The skeletal warrior attacks as you move away!
The skeletal warrior hits you but does no damage.
The skeletal warrior hits your warg with a +0 hand axe!
Your warg bites the skeletal warrior!
Your warg bites the juggernaut skeleton.
Your warg bites the juggernaut skeleton!
Things that are here:
a +3 shortbow; a +0 shortbow The skeletal warrior attacks as you move away!
The skeletal warrior barely misses you.
The skeletal warrior barely misses your warg.
Your warg misses the skeletal warrior.
The juggernaut skeleton closely misses you.
The juggernaut skeleton misses you.
As you read the scroll of teleportation, it crumbles to dust.
You feel strangely unstable.
The skeletal warrior hits you with a +0 hand axe!
The skeletal warrior hits your warg with a +0 hand axe!
Your warg bites the juggernaut skeleton but does no damage.
The skeletal warrior attacks as you move away!
The skeletal warrior hits you with a +0 hand axe!!
* * * LOW HITPOINT WARNING * * *
The skeletal warrior hits your warg with a +0 hand axe!
You enter the shallow water.
Moving in this stuff is going to be slow.
Your warg bites the juggernaut skeleton but does no damage.
The skeletal warrior attacks as you move away!
The skeletal warrior hits you with a +0 hand axe!
* * * LOW HITPOINT WARNING * * *
Your warg bites the juggernaut skeleton!
Your warg bites the juggernaut skeleton but does no damage.
Your surroundings suddenly seem different.
A worm and a cyclops come into view.
Found a snail-covered altar of Cheibriados.
The cyclops throws a large rock.
The large rock barely misses you.
You feel better.
The cyclops throws a large rock.
The large rock hits you!
You die...
Your body crumbles into a pile of gold.

#.C ... #..
..### ...
.....# ..
.....# ###
.###.....#
....##.........
...............
#..@..._..w
##.........
#.........
####.....#
.....# .....#
..#.. ..#..


You could see a cyclops and a worm (wandering).

Vanquished Creatures
  Jorgrun (D:13)
  2 boulder beetles
  A hydra (D:12)
  A catoblepas (D:14)
  8 centaur warriors
  2 two-headed ogres
  An anaconda (shapeshifter) (D:12)
  2 dancing weapons (D:14)
  A deep troll earth mage (D:14)
  4 tengu warriors
  A deep elf knight (D:6)
  2 necromancers
  An orc knight (D:15)
  A deep elf pyromancer (D:14)
  5 cyclopes
  6 ugly things
  4 manticores
  A gargoyle (D:13)
  An unseen horror (D:12)
  2 komodo dragons
  2 yaktaurs (D:11)
  2 kobold demonologists (D:6)
  2 tengu conjurers
  2 hornets
  2 meliai
  19 slime creatures
  A wolf spider simulacrum (D:15)
  4 trolls
  A centaur simulacrum (D:11)
  2 shadows (D:12)
  2 water elementals (D:15)
  A wraith (D:10)
  16 yaks
  3 basilisks
  9 vampire mosquitoes
  A warg (D:15)
  A steam dragon (D:7)
  3 water moccasins
  2 acid dragons
  3 orc warriors
  3 ice beasts
  An ogre (D:6)
  A boggart (D:14)
  15 centaurs
  A phantom (D:5)
  3 kobold brigands
  4 bullfrogs
  A necrophage (D:8)
  6 scorpions
  5 wights (D:10)
  3 killer bees (D:9)
  5 electric eels
  10 howler monkeys
  2 hounds
  6 orc priests
  2 jellies
  7 orc wizards
  2 iguanas (D:5)
  8 ogre zombies (D:12)
  Robin (D:4)
  2 adders
  30 gnolls
  5 river rats (D:8)
  6 shadow imps
  2 white imps (D:6)
  2 ufetubi
  A worm (D:3)
  3 dart slugs
  32 orcs
  5 ball pythons
  8 bats
  5 endoplasms
  3 giant cockroaches
  18 goblins
  7 hobgoblins
  7 jackals (D:4)
  18 kobolds
  A quokka (D:1)
  2 frilled lizards
  2 goblin zombies (D:12)
  4 hobgoblin skeletons (D:12)
  A hobgoblin zombie (D:12)
  5 orc skeletons (D:12)
  13 orc zombies (D:12)
  22 rats
415 creatures vanquished.

Vanquished Creatures (collateral kills)
  Nessos (D:13)
  A skeletal warrior (D:15)
  A deep elf pyromancer (D:14)
  A nameless horror (D:9)
  2 howler monkeys (D:14)
6 creatures vanquished.

Vanquished Creatures (others)
  4 dancing weapons
  14 fungi (D:11)
  19 plants (D:11)
  11 withered plants (D:15)
48 creatures vanquished.

Grand Total: 469 creatures vanquished

Notes
Turn   | Place    | Note
-------+----------+-------------------------------------------
     0 | D:1      | Anriel the Deep Elf Hunter began the quest for the Orb.
     0 | D:1      | Reached XP level 1. HP: 12/12 MP: 3/3
   211 | D:1      | Found a faded altar of an unknown god.
   282 | D:1      | Reached XP level 2. HP: 16/16 MP: 4/4
   446 | D:1      | Reached skill level 6 in Ranged Weapons
   958 | D:2      | Reached XP level 3. HP: 20/21 MP: 5/5
  1049 | D:2      | HP: 1/21 [gnoll/+0 spear (8)]
  1721 | D:2      | Reached XP level 4. HP: 26/26 MP: 6/6
  1743 | D:2      | Learned a level 3 spell: Portal Projectile
  2114 | D:3      | Reached XP level 5. HP: 31/31 MP: 7/7
  2647 | D:4      | Identified the +2 pair of gloves of Ufuet {rElec rF- Str+7
                  | Dex+3}
  2681 | D:4      | Reached skill level 7 in Ranged Weapons
  2717 | D:4      | Reached skill level 1 in Spellcasting
  2719 | D:4      | Noticed Robin
  2725 | D:4      | Killed Robin
  2761 | D:4      | Learned a level 1 spell: Summon Small Mammal
  2765 | D:4      | Learned a level 3 spell: Call Canine Familiar
  2912 | D:4      | Reached XP level 6. HP: 36/36 MP: 9/11
  3238 | D:4      | Found an opulent altar of Gozag.
  3248 | D:4      | Became a worshipper of Gozag Ym Sagoz the Greedy
  3396 | D:5      | Entered Level 5 of the Dungeon
  3425 | D:5      | Found a large runed translucent door.
  3426 | D:5      | Found a large runed translucent door.
  3528 | D:5      | Reached skill level 1 in Summonings
  3678 | D:5      | Reached skill level 1 in Translocations
  3678 | D:5      | Reached XP level 7. HP: 29/41 MP: 13/13
  3796 | D:5      | Reached skill level 1 in Armour
  4495 | D:6      | Reached skill level 1 in Hexes
  4582 | D:6      | Found a staircase to the Ecumenical Temple.
  4598 | Temple   | Entered the Ecumenical Temple
  4735 | D:6      | Reached XP level 8. HP: 25/46 MP: 14/14
  4960 | D:6      | Found a transporter.
  4964 | D:6      | Noticed a kobold demonologist
  4965 | D:6      | Noticed a kobold demonologist
  4970 | D:6      | Found a transporter.
  5142 | D:6      | Found a sparkling altar of Nemelex Xobeh.
  5202 | D:6      | Reached skill level 8 in Ranged Weapons
  5458 | D:6      | Noticed a deep elf knight
  5565 | D:7      | Reached skill level 9 in Ranged Weapons
  5609 | D:7      | Reached skill level 10 in Ranged Weapons
  5640 | D:7      | Reached XP level 9. HP: 24/51 MP: 15/15
  6225 | D:7      | Reached skill level 11 in Ranged Weapons
  6518 | D:8      | Noticed a two-headed ogre
  6550 | D:8      | Killed a two-headed ogre
  6551 | D:8      | Reached skill level 12 in Ranged Weapons
  7050 | D:8      | Identified the ring of Finality {rCorr EV+4 Str-3 Int+4
                  | SInv}
  7077 | D:8      | Learned a level 3 spell: Tukima's Dance
  7434 | D:8      | Reached skill level 13 in Ranged Weapons
  7654 | D:8      | Bought a scroll of fear for 44 gold pieces
  7654 | D:8      | Bought a scroll of blinking for 82 gold pieces
  7654 | D:8      | Bought a scroll of enchant weapon for 82 gold pieces
  7654 | D:8      | Bought a scroll of summoning for 104 gold pieces
  7657 | D:9      | Found Maily's Antique Weapon Boutique.
  7672 | D:8      | Reached skill level 5 in Dodging
  7672 | D:8      | Reached skill level 5 in Stealth
  7756 | D:8      | Reached XP level 10. HP: 48/56 MP: 16/16
  7765 | D:8      | Bought a scroll of poison for 44 gold pieces
  7765 | D:8      | Bought a scroll of poison for 44 gold pieces
  8376 | D:9      | Found a glowing golden altar of the Shining One.
  8445 | D:9      | Found a basalt altar of Yredelemnul.
  8578 | D:10     | Entered Level 10 of the Dungeon
  8583 | D:10     | Found a flagged portal.
  9140 | D:10     | Reached skill level 5 in Spellcasting
  9164 | Bailey   | Entered a bailey
  9892 | D:10     | Identified a scroll of acquirement
  9892 | D:10     | Acquired 782 gold pieces
  9925 | D:10     | Reached skill level 5 in Translocations
 10277 | D:10     | Noticed a two-headed ogre
 10383 | D:10     | Killed a two-headed ogre
 10384 | D:10     | Reached skill level 5 in Hexes
 10384 | D:10     | Reached XP level 11. HP: 48/61 MP: 15/23
 10905 | D:10     | Bought a scroll of identify for 28 gold pieces
 10905 | D:10     | Bought a scroll of teleportation for 42 gold pieces
 10905 | D:10     | Bought 2 scrolls of blinking for 210 gold pieces
 10905 | D:10     | Bought a scroll of summoning for 133 gold pieces
 10905 | D:10     | Bought a scroll of identify for 28 gold pieces
 10905 | D:10     | Bought a scroll of enchant weapon for 105 gold pieces
 10911 | D:10     | Reached skill level 17 in Ranged Weapons
 10911 | D:10     | Reached XP level 12. HP: 66/66 MP: 24/24
 10912 | D:10     | Reached XP level 13. HP: 70/70 MP: 24/28
 11595 | D:11     | Found a staircase to the Lair.
 11987 | D:11     | Reached skill level 10 in Stealth
 12720 | D:6      | Reached skill level 10 in Dodging
 12747 | D:6      | Learned a level 1 spell: Apportation
 13404 | D:12     | Found a staircase to the Orcish Mines.
 13419 | D:12     | Reached skill level 18 in Ranged Weapons
 13921 | D:12     | Bought an embroidered cloak for 285 gold pieces
 13928 | D:12     | Bought a glowing leather armour for 190 gold pieces
 13928 | D:12     | Bought a glowing leather armour for 190 gold pieces
 13947 | D:13     | Noticed Nessos
 13958 | D:13     | Killed Nessos
 13959 | D:13     | Reached skill level 10 in Spellcasting
 14013 | D:13     | Found Yrrymy's Armour Shop.
 14418 | D:13     | Reached skill level 5 in Summonings
 14470 | D:13     | Noticed Jorgrun
 14490 | D:13     | Killed Jorgrun
 14870 | D:13     | Reached XP level 14. HP: 76/76 MP: 25/32
 15319 | D:14     | Found a gate to the Vaults.
 16338 | D:14     | Got the Quarto of the Kraken
 16340 | D:14     | Got the Tome of the Storm
 16344 | D:14     | Identified the +5 chain mail of Ateob {rPois Will- MP-9
                  | Str+5}
 16601 | D:14     | Found Fuaseef's Magic Scroll Shoppe.
 16607 | D:14     | Bought a scroll of teleportation for 48 gold pieces
 16607 | D:14     | Bought 3 scrolls of enchant armour for 360 gold pieces
 16607 | D:14     | Bought a scroll of teleportation for 48 gold pieces
 16792 | D:14     | Reached skill level 10 in Summonings
 16877 | D:15     | Entered Level 15 of the Dungeon
 17526 | D:15     | Found a snail-covered altar of Cheibriados.
 17527 | D:15     | Hit by a large rock thrown by a cyclops

Illustrated notes

Levels and vault maps discovered:
D:1:      sevenhm_arrival_forest_fort_large_2, layout_loops_corners,
          ebering_ecumenical_altar_petrified
D:2:      layout_basic
D:3:      layout_basic, nrook_loot_triangle
D:4:      layout_cave_pools, nicolae_gozag_cash_rules_everything_around_me,
          hangedman_decor_slide_cut, uniq_robin
D:5:      layout_gridville, jmf_multi_god_temple2
D:6:      gammafunk_wand_slinger, layout_basic, kennysheep_mini_moat,
          temple_fountains
D:7:      layout_loops_cross
D:8:      layout_gridville, dk_rats_in_the_wall
D:9:      layout_cross, tso_metal_star, kennysheep_mini, serial_column_ruins,
          column_ruins_open_medium, column_ruins_grid_1,
          column_ruins_open_small_water, column_ruins_open_tiny,
          column_ruins_corridor_dead_end, column_ruins_grid_1, serial_shops,
          shop_fountains
D:10:     layout_long_grid, enter_bailey_2
D:11:     layout_basic, grunt_lair_entry_orc_guard_hut, minmay_shattered_shrine
D:12:     layout_cave_pods, zombieorc2_lemuel
D:13:     layout_basic, serial_shops, nicolae_shop_waterfront, uniq_nessos,
          uniq_jorgrun
D:14:     layout_roguey, erik_vaults_1, serial_shops, nicolae_square_shop,
          minmay_checkered_concentric_circles
D:15:     gammafunk_depths_entry_grave, layout_basic, slow_altar_1
Temple:   nicolae_temple_superstar

Skill      XL: |  1  2  3  4  5  6  7  8  9 10 11 12 13 14 |
---------------+-------------------------------------------+-----
Ranged Weapons | 6 7 10 13 17 18 | 18.0
Dodging        | 3 4 5 7 10 | 10.0
Fighting       | 2 3 4 |  4.4
Spellcasting   | 2 3 7 9 12 | 12.0
Stealth        | 3 4 6 8 10 | 10.0
Summonings     | 2 5 10 | 10.7
Translocations | 1 3 6 8 |  8.4
Armour         | 3 4 |  4.1
Hexes          | 2 4 5 8 |  8.4
Evocations     | 4 |  4.9

Action                   |  1- 3 |  4- 6 |  7- 9 | 10-12 | 13-15 || total
-------------------------+-------+-------+-------+-------+-------++-------
Melee: Dagger            |       |       |     3 |       |       ||     3
 Fire: Shortbow          |    80 |   195 |   336 |   290 |   155 ||  1056
       Arbalest          |       |       |       |       |   487 ||   487
 Cast: Portal Projectile |       |       |       |    16 |    44 ||    60
       Summon Small Mamm |       |       |       |     5 |       ||     5
       Call Canine Famil |       |       |       |     1 |    17 ||    18
       Apportation       |       |       |       |       |     6 ||     6
       Tukima's Dance    |       |       |       |       |    15 ||    15
Invok: Call Merchant     |       |       |     1 |     1 |     1 ||     3
Evoke: Wand              |       |       |       |       |     5 ||     5
  Use: Scroll            |     7 |     7 |    12 |     8 |    12 ||    46
       Potion            |       |       |     7 |     6 |    13 ||    26
 Stab: Invisible         |       |       |     1 |       |       ||     1
Armor: Leather armour    |     3 |    18 |    31 |    25 |    38 ||   115
Dodge: Dodged            |    19 |    37 |    89 |   152 |   219 ||   516
